 Dungeon Crawl Stone Soup version 0.29.1-12-g30fa7ad0bf (webtiles) character file.

Game seed: 12180797433617341532

88117 raph the Severer (level 15, -3/139 HPs)
             Began as a Hill Orc Fighter on Jan 10, 2023.
             Was an Initiate of Gozag.
             Shot with a bolt by a yaktaur captain (41 damage)
             ... on level 14 of the Dungeon.
             The game lasted 00:32:02 (20112 turns).

raph the Severer (Hill Orc Fighter)                Turns: 20112, Time: 00:32:02

Health: -3/139     AC: 27    Str: 25    XL:     15   Next: 92%
Magic:  15/15      EV: 11    Int:  8    God:    Gozag
Gold:   5344       SH: 19    Dex: 19    Spells: 14/14 levels left

rFire   . . .      SeeInvis .   a - +2 broad axe (flame)
rCold   + . .      Faith    .   T - +0 tower shield
rNeg    . . .      Spirit   .   x - +0 plate armour
rPois   +          Reflect  .   l - +1 helmet of Privacy {Contam Rampage Will+}
rElec   .          Harm     .   k - +0 cloak {rPois}
rCorr   .          Rampage  +   (no gloves)
Will    ++...                   u - +1 pair of boots
Stlth   ..........              i - amulet of regeneration
HPRegen 1.13/turn               m - +4 ring of slaying
MPRegen 0.14/turn               M - ring "Gaare" {rC+ AC+4 Str+4 Dex+3 Slay+3}

@: gold aura, studying Conjurations
A: no striking features
a: Renounce Religion, Potion Petition, Call Merchant, Bribe Branch


You were on level 14 of the Dungeon.
You worshipped Gozag.
Gozag was greatly pleased with you.
You visited 4 branches of the dungeon, and saw 22 of its levels.
You also visited: Ossuary.

You collected 6725 gold pieces.
You spent 1267 gold pieces at shops.
You paid 114 gold pieces to Gozag.

Inventory:

Hand Weapons
 a - a +2 broad axe of flaming (weapon)
 b - the +5 sling of Egenoc {flame, MP+9 Str-3 Int+2}
   (You found it on level 5 of the Dungeon)

   Any ammunition fired from it burns those it strikes, dealing additional fire
   damage.
   Str:       It affects your strength (-3).
   Int:       It affects your intelligence (+2).
   MP:        It affects your magic capacity (+9).
 w - the +6 long sword "Hiawna" {vorpal, +Blink rCorr Str+6 SInv Stlth+}
   (You found it on level 3 of the Lair of Beasts)

   It inflicts extra damage upon your enemies.
   Str:       It affects your strength (+6).
   SInv:      It lets you see invisible.
   +Blink:    It lets you blink.
   rCorr:     It protects you from acid and corrosion.
   Stlth:     It makes you more stealthy.
Missiles
 B - 7 curare-tipped darts (quivered)
 D - 34 poisoned darts
 J - 5 throwing nets
Armour
 c - a +0 buckler
 k - a +0 cloak of poison resistance (worn)
 l - the +1 helmet of Privacy (worn) {Contam Rampage Will+}
   (You found it on level 2 of the Dungeon)

   Contam:    It causes magical contamination when unequipped.
   Rampage:   It bestows one free step when moving towards enemies.
   Will:      It increases your willpower.
 n - a +0 kite shield
 s - a +2 cloak
 u - a +1 pair of boots (worn)
 x - a +0 plate armour (worn)
 T - a +0 tower shield (worn)
Jewellery
 i - an amulet of regeneration (around neck)
 m - a +4 ring of slaying (left hand)
 I - a ring of protection from cold
 M - the ring "Gaare" (right hand) {rC+ AC+4 Str+4 Dex+3 Slay+3}
   (You found it on level 8 of the Dungeon)

   [ring of protection]

   AC:        It affects your AC (+4).
   Str:       It affects your strength (+4).
   Dex:       It affects your dexterity (+3).
   Slay:      It affects your accuracy & damage with ranged weapons and melee
   (+3).
   rC:        It protects you from cold.
Wands
 v - a wand of mindburst (12)
 A - a wand of paralysis (25)
 H - a wand of flame (38)
 K - a wand of light (12)
 V - a wand of digging (8)
 Z - a wand of roots (6)
Scrolls
 e - a scroll of fear
 j - 4 scrolls of teleportation
 p - 2 scrolls of identify
 y - a scroll of summoning
 G - 5 scrolls of blinking
 O - a scroll of amnesia
 R - 5 scrolls of poison
 S - 3 scrolls of fog
 X - 4 scrolls of magic mapping
 Y - 2 scrolls of silence
Potions
 d - 2 potions of might
 f - 13 potions of curing
 g - 2 potions of flight
 h - 9 potions of brilliance
 o - 7 potions of heal wounds
 q - 2 potions of mutation
 t - 3 potions of ambrosia
 z - 2 potions of haste
 E - 4 potions of resistance
 F - a potion of berserk rage
 L - 2 potions of invisibility
 N - 4 potions of magic
 W - a potion of cancellation
Miscellaneous
 Q - a tin of tremorstones (2/2)


   Skills:
 + Level 14.9 Fighting
 - Level 18.0 Axes
 + Level 13.7 Armour
 + Level 10.3 Dodging
 * Level 14.1 Shields
 + Level 2.3 Evocations


You had 14 spell levels left.
You didn't know any spells.
Your spell library contained the following spells:

 Spells                   Type           Power      Damage    Failure   Level
 Apportation              Tloc           0%         N/A       100%        1
 Necrotise                Necr           0%         1d4       100%        1
 Sandblast                Erth           0%         2d4       100%        1
 Slow                     Hex            0%         N/A       100%        1
 Passwall                 Tmut/Erth      0%         N/A       100%        2
 Sublimation of Blood     Necr           0%         N/A       100%        2
 Wereblood                Tmut           0%         N/A       100%        2
 Confusing Touch          Hex            0%         N/A       100%        3
 Conjure Flame            Conj/Fire      0%         6-21      100%        3
 Dazzling Flash           Conj/Hex       0%         N/A       100%        3
 Ignite Poison            Fire/Tmut/Pois 0%         N/A       100%        3
 Ozocubu's Armour         Ice            0%         N/A       100%        3
 Stone Arrow              Conj/Erth      0%         3d7       100%        3
 Vampiric Draining        Necr           0%         2d6       100%        3
 Iskenderun's Mystic Bla  Conj/Tloc      0%         2d3       100%        4
 Passage of Golubria      Tloc           0%         N/A       100%        4
 Sticky Flame             Conj/Fire      0%         2d3       100%        4
 Agony                    Necr           0%         N/A       100%        5
 Alistair's Intoxication  Tmut/Pois      0%         N/A       100%        5
 Silence                  Hex/Air        0%         N/A       100%        5
 Starburst                Conj/Fire      0%         6d3       100%        6
 Ozocubu's Refrigeration  Ice            0%         4d7       100%        7
 Summon Hydra             Summ           0%         N/A       100%        7
 Lehudib's Crystal Spear  Conj/Erth      0%         10d2      100%        8


Dungeon Overview and Level Annotations

Branches:
Dungeon (14/15)            Temple (1/1) D:6            Lair (5/5) D:9
  Swamp (0/4) Lair:2        Snake (0/4) Lair:3        Slime (0/5) Lair:4
    Orc (2/2) D:12            Elf (0/3) Orc:2       Ossuary (visited)
 Vaults: D:13-14

Altars:
Ashenzari
Cheibriados
Dithmenos
Elyvilon
Fedhas
Gozag
Hepliaklqana
Kikubaaqudgha
Makhleb
Nemelex Xobeh
Okawaru
Qazlal
Ru
Sif Muna
Trog
Uskayaw
Vehumet
Wu Jian
Xom
Yredelemnul
Zin
The Shining One

Shops:
D:1 !   D:7 *   D:8 :   D:10 !   Orc:1 *   Orc:2 (?:=

Portals:
Trove: D:10 (show abyssal rune of Zot)

Annotations:
D:8 1 transporter


Message History

A yaktaur captain comes into view.
You block the cyan ugly thing's attack.
You barely miss the cyan ugly thing.
The cyan ugly thing is severely wounded.
You slash the yaktaur! You burn the yaktaur.
The yaktaur is distracted by your dazzling golden aura.
The cyan ugly thing stings you! The cyan ugly thing shocks you!
The yaktaur shouts!
You hit the cyan ugly thing. You burn the cyan ugly thing.
The cyan ugly thing is severely wounded.
You barely miss the yaktaur.
The yaktaur is no longer distracted by gold.
You block the cyan ugly thing's attack.
The yaktaur unwields a +0 arbalest.
You block the yaktaur's attack.
You hit the cyan ugly thing. You burn the cyan ugly thing.
The cyan ugly thing is almost dead.
You slash the yaktaur! You burn the yaktaur.
You block the cyan ugly thing's attack.
The yaktaur hits you but does no damage.
You hit the cyan ugly thing. You burn the cyan ugly thing.
The cyan ugly thing is almost dead.
You slash the yaktaur! You burn the yaktaur.
The cyan ugly thing stings you but does no damage.
The yaktaur is distracted by your dazzling golden aura.
The yaktaur shouts!
You slice the yaktaur!! You burn the yaktaur.
You kill the yaktaur!
You hit the cyan ugly thing but do no damage.
The yaktaur captain is distracted by your dazzling golden aura.
The cyan ugly thing stings you! The cyan ugly thing shocks you!
* * * LOW HITPOINT WARNING * * *
The yaktaur captain shouts!
You slice the cyan ugly thing!! You burn the cyan ugly thing.
You kill the cyan ugly thing!
Found 22 gold pieces.
The yaktaur captain is no longer distracted by gold.
The yaktaur captain wields a +0 arbalest.
The yaktaur captain shoots a bolt.
The bolt hits you!!!
You die...
Your body crumbles into a pile of gold.

#...........
#........... ....#
#........... ....######
..#'###########.........
..#...........#.........
..#...........#.........
..#...........#.......#.
..#...........#........$
..#...........#$@.....#
..#...........$.$.c.....
..#...........#.$.....#.
.........##...#.........
#####################...
.. .


You could see a yaktaur captain.

Vanquished Creatures
  Kirke (Lair:3)
  Nessos (Lair:4)
  The ghost of zurenarrh the Geomancer, a journeyman GrEE of Cheibriados (Lair:4)
  5 dire elephants (Lair:5)
  Snorg (Lair:4)
  Erolcha (D:10)
  2 boulder beetles
  Harold (Orc:1)
  6 hydras
  4 two-headed ogres
  3 centaur warriors (D:14)
  A tengu warrior (D:14)
  A catoblepas (Lair:1)
  A death yak (Lair:5)
  4 orc high priests (Orc:2)
  Nergalle (Lair:3)
  2 soul eaters (D:9)
  Sonja (D:10)
  2 slime creatures (D:12)
  4 skeletal warriors
  2 spectral death yaks (Lair:5)
  Amaemon (D:9)
  A spectral anaconda (Lair:5)
  An obsidian statue (Lair:5)
  A wizard (D:9)
  5 orc knights (Orc:2)
  3 necromancers (Lair:5)
  7 orc sorcerers
  5 manticores
  12 ugly things
  17 elephants
  Maurice (D:9)
  2 orange demons (D:9)
  A smoke demon (D:9)
  A torpor snail (Lair:4)
  4 gargoyles
  4 kobold demonologists
  Joseph (D:7)
  Maggie (D:8)
  12 cane toads
  3 unseen horrors
  3 dire elephant skeletons (Lair:5)
  Psyche (D:8)
  2 yaktaurs (D:14)
  9 komodo dragons
  A red devil (D:9)
  A rime drake (Lair:4)
  An ice devil (D:9)
  A tengu conjurer (D:14)
  A polar bear (Lair:2)
  A hornet (D:9)
  6 trolls
  2 tyrant leeches
  Prince Ribbit (D:8)
  2 spectral elephants (Lair:5)
  12 blink frogs
  A vampire (D:13)
  2 shadows (D:11)
  3 wyverns
  4 wraiths
  42 yaks
  2 basilisks
  6 hogs (Lair:3)
  2 vampire mosquitoes (D:10)
  Grum (D:11)
  3 wargs
  6 swamp worms
  3 nagas (Lair:3)
  14 water moccasins
  14 orc warriors
  5 black bears
  2 sky beasts (D:7)
  3 ice beasts (D:6)
  An elephant zombie (Lair:5)
  20 wolves
  11 ogres
  2 elephant skeletons (Lair:5)
  3 centaurs
  A phantom (D:5)
  2 kobold brigands
  9 bullfrogs
  4 gnoll sergeants
  3 scorpions
  2 cane toad simulacra (Lair:5)
  12 wights
  15 killer bees
  An elephant simulacrum (Lair:5)
  A howler monkey (D:9)
  3 quasits (D:9)
  3 jellies
  9 orc priests
  Crazy Yiuf (D:7)
  6 hounds
  5 iguanas
  15 orc wizards
  5 hell rats (Lair:4)
  2 mummies
  12 adders
  24 gnolls
  3 white imps
  2 ufetubi
  2 worms (D:2)
  A dart slug (D:3)
  36 orcs
  8 endoplasms
  4 giant cockroaches
  9 goblins
  10 hobgoblins
  4 quokkas
  6 ball pythons
  12 bats
  8 gnoll skeletons (Ossuary)
  9 kobolds
  5 kobold skeletons (Ossuary)
  12 orc skeletons (Ossuary)
  7 rats
595 creatures vanquished.

Vanquished Creatures (collateral kills)
  A dire elephant (Lair:5)
  An elephant (Lair:5)
2 creatures vanquished.

Vanquished Creatures (others)
  A killer bee (D:10)
  A demonic plant (D:9)
  24 fungi
  43 plants
  27 withered plants (Lair:5)
96 creatures vanquished.

Grand Total: 693 creatures vanquished

Notes
Turn   | Place    | Note
-------+----------+-------------------------------------------
     0 | D:1      | raph the Hill Orc Fighter began the quest for the Orb.
     0 | D:1      | Reached XP level 1. HP: 19/19 MP: 1/1
    23 | D:1      | Reached skill level 3 in Axes
   142 | D:1      | Reached XP level 2. HP: 26/26 MP: 2/2
   264 | D:1      | Reached skill level 4 in Axes
   297 | D:1      | Found Boplueju's Distillery.
   312 | D:1      | Reached XP level 3. HP: 31/31 MP: 3/3
   318 | D:1      | Bought a potion of degeneration for 10 gold pieces
   429 | D:1      | Reached skill level 5 in Axes
   569 | D:1      | Found a faded altar of an unknown god.
   861 | D:2      | Reached XP level 4. HP: 19/39 MP: 4/4
  1113 | D:1      | Bought a potion of curing for 30 gold pieces
  1187 | D:2      | Reached skill level 6 in Axes
  1402 | D:2      | Reached XP level 5. HP: 45/45 MP: 5/5
  1440 | D:2      | Identified the +1 helmet of Privacy {Contam Rampage Will+}
  1595 | D:2      | Reached skill level 7 in Axes
  1913 | D:1      | Bought a potion of heal wounds for 50 gold pieces
  2522 | D:4      | Found a sand-covered staircase.
  2528 | Ossuary  | Entered an ossuary
  2528 | Ossuary  | Noticed a wraith
  2528 | Ossuary  | Noticed a wraith
  2528 | Ossuary  | Noticed a wraith
  2704 | Ossuary  | Noticed a wraith
  2746 | Ossuary  | Killed a wraith
  2747 | Ossuary  | Reached skill level 8 in Axes
  2747 | Ossuary  | Reached XP level 6. HP: 44/51 MP: 6/6
  2926 | D:4      | Reached skill level 9 in Axes
  2975 | D:4      | Reached XP level 7. HP: 57/57 MP: 7/7
  3195 | D:4      | Reached skill level 10 in Axes
  3456 | D:1      | Bought a potion of haste for 100 gold pieces
  3655 | D:5      | Entered Level 5 of the Dungeon
  3880 | D:5      | Identified the +5 sling of Egenoc {flame, MP+9 Str-3 Int+2}
  4005 | D:5      | Found a hazy altar of Hepliaklqana.
  4040 | D:5      | Reached skill level 11 in Axes
  4302 | D:6      | Reached XP level 8. HP: 61/64 MP: 8/8
  4428 | D:6      | Reached skill level 12 in Axes
  4520 | D:6      | Found a staircase to the Ecumenical Temple.
  4529 | Temple   | Entered the Ecumenical Temple
  4727 | Temple   | Became a worshipper of Gozag Ym Sagoz the Greedy
  4756 | D:6      | Reached skill level 13 in Axes
  5321 | D:7      | Found an iron altar of Okawaru.
  5326 | D:7      | Reached skill level 14 in Axes
  5337 | D:7      | Reached XP level 9. HP: 61/70 MP: 9/9
  5466 | D:7      | Reached skill level 15 in Axes
  5671 | D:7      | Noticed Joseph
  5678 | D:7      | Killed Joseph
  5679 | D:7      | Reached skill level 1 in Dodging
  5737 | D:7      | Found Ruesug's Overcharged Wands.
  5773 | D:7      | Found a runed translucent door.
  5774 | D:7      | Noticed Crazy Yiuf
  5944 | D:7      | Found a glowing golden altar of the Shining One.
  5945 | D:7      | Found a white marble altar of Elyvilon.
  5981 | D:7      | Killed Crazy Yiuf
  5985 | D:7      | Identified the +6 hammer "Killer Bee's Peril" {flame,
                  | Int+3}
  6064 | D:8      | Identified the ring "Gaare" {rC+ AC+4 Str+4 Dex+3 Slay+3}
  6082 | D:8      | Found Deiseshruorgh's Book Shop.
  6130 | D:8      | Noticed Psyche
  6137 | D:8      | Killed Psyche
  6265 | D:8      | Reached skill level 16 in Axes
  6269 | D:8      | Reached skill level 5 in Fighting
  6269 | D:8      | Reached XP level 10. HP: 79/81 MP: 10/10
  6273 | D:8      | Reached skill level 5 in Armour
  6273 | D:8      | Reached skill level 5 in Shields
  6312 | D:8      | Noticed Prince Ribbit
  6321 | D:8      | Killed Prince Ribbit
  6427 | D:8      | Found a blossoming altar of Fedhas.
  6586 | D:8      | Found a transporter.
  6868 | D:8      | Noticed Maggie
  6876 | D:8      | Killed Maggie
  7014 | D:7      | Found a burning altar of Makhleb.
  7014 | D:7      | Found a sparkling altar of Nemelex Xobeh.
  7101 | D:9      | Noticed a soul eater
  7103 | D:9      | Noticed an orange demon
  7111 | D:9      | Found a shimmering altar of Xom.
  7146 | D:9      | Found a bloodstained altar of Trog.
  7255 | D:9      | Found a staircase to the Lair.
  7333 | Lair:1   | Entered Level 1 of the Lair of Beasts
  7333 | Lair:1   | Noticed a cane toad
  7336 | Lair:1   | Killed a cane toad
  7337 | Lair:1   | Reached XP level 11. HP: 92/92 MP: 11/11
  7605 | Lair:1   | Noticed a catoblepas
  7605 | Lair:1   | You fall into a shaft and drop 1 floor!
  7839 | Lair:1   | Found a frozen archway.
  7868 | Lair:1   | Killed a catoblepas
  8081 | Lair:2   | Found a shadowy altar of Dithmenos.
  8140 | Lair:2   | Noticed a five-headed hydra
  8149 | Lair:2   | Killed a two-headed hydra
  8150 | Lair:2   | Reached skill level 5 in Dodging
  8177 | Lair:2   | Reached skill level 17 in Axes
  8327 | Lair:2   | Noticed a six-headed hydra
  8328 | Lair:2   | Noticed a seven-headed hydra
  8336 | Lair:2   | Killed a two-headed hydra
  8337 | Lair:2   | Killed a one-headed hydra
  8338 | Lair:2   | Reached XP level 12. HP: 55/103 MP: 12/12
  8728 | Lair:2   | Found a staircase to the Swamp.
  8799 | Lair:3   | Noticed a seven-headed hydra
  8809 | Lair:3   | Killed a two-headed hydra
  8833 | Lair:3   | Found a staircase to the Snake Pit.
  8977 | Lair:3   | Identified the +8 great mace "Wumupryh" {drain, rElec Str+7
                  | Dex-4}
  9212 | Lair:3   | Noticed Kirke
  9227 | Lair:3   | Killed Kirke
  9243 | Lair:3   | Identified the +6 long sword "Hiawna" {vorpal, +Blink rCorr
                  | Str+6 SInv Stlth+}
  9487 | Lair:3   | Noticed Nergalle
  9501 | Lair:3   | Killed Nergalle
  9502 | Lair:3   | Reached skill level 10 in Fighting
  9928 | Lair:4   | Reached skill level 18 in Axes
  9938 | Lair:4   | Reached XP level 13. HP: 100/114 MP: 13/13
  9973 | Lair:4   | Found a staircase to the Slime Pits.
 10078 | Lair:4   | Reached skill level 10 in Shields
 10101 | Lair:4   | Noticed Nessos
 10241 | Lair:5   | Entered Level 5 of the Lair of Beasts
 10253 | Lair:5   | Reached skill level 10 in Armour
 10948 | Lair:5   | Noticed a dire elephant
 10948 | Lair:5   | Noticed a dire elephant
 10948 | Lair:5   | Noticed a dire elephant
 10948 | Lair:5   | Noticed a dire elephant
 10970 | Lair:5   | Killed a dire elephant
 11059 | Lair:5   | Noticed a dire elephant
 11315 | D:9      | Noticed Maurice
 11323 | D:9      | Killed Maurice
 11675 | D:9      | Noticed Amaemon
 11685 | D:9      | Killed Amaemon
 11905 | D:10     | Entered Level 10 of the Dungeon
 11905 | D:10     | You fall into a shaft and drop 3 floors!
 12104 | D:10     | Found a portal to a secret trove of treasure.
 12125 | D:10     | Found Rebau's Distillery.
 12134 | D:10     | Bought 2 potions of heal wounds for 130 gold pieces
 12134 | D:10     | Bought a potion of heal wounds for 65 gold pieces
 12134 | D:10     | Bought a potion of ambrosia for 104 gold pieces
 12134 | D:10     | Bought a potion of might for 52 gold pieces
 12197 | D:10     | Noticed Erolcha
 12204 | D:10     | Killed Erolcha
 12205 | D:10     | Noticed Sonja
 12211 | D:10     | Killed Sonja
 12212 | D:10     | Reached XP level 14. HP: 116/124 MP: 14/14
 13443 | D:11     | Noticed Grum
 13460 | D:11     | Killed Grum
 13922 | D:12     | Found a staircase to the Orcish Mines.
 14575 | Orc:1    | Entered Level 1 of the Orcish Mines
 14575 | Orc:1    | Found Itohav's Assorted Antiques.
 14597 | Orc:1    | Noticed Harold
 14614 | Orc:1    | Killed Harold
 14661 | Orc:1    | Bought a scroll of blinking for 195 gold pieces
 14661 | Orc:1    | Bought a scroll of identify for 52 gold pieces
 14661 | Orc:1    | Bought a scroll of magic mapping for 195 gold pieces
 14777 | Orc:2    | Entered Level 2 of the Orcish Mines
 14854 | Orc:2    | Found a staircase to the Elven Halls.
 15100 | Orc:2    | Found Tanwo's Jewellery Shop.
 15325 | Orc:2    | Found Jiraypn's Book Emporium.
 15356 | Orc:2    | Found Jaeniagas's Magic Scroll Emporium.
 15360 | Orc:2    | Found Nebur's Antique Weapon Shop.
 15366 | Orc:2    | Bought a scroll of fear for 60 gold pieces
 15366 | Orc:2    | Bought a scroll of blinking for 112 gold pieces
 15366 | Orc:2    | Bought a scroll of magic mapping for 112 gold pieces
 16438 | Lair:4   | Killed Nessos
 16591 | Lair:4   | Reached XP level 15. HP: 137/137 MP: 15/15
 16928 | Lair:4   | Noticed Snorg
 16944 | Lair:4   | Killed Snorg
 17009 | Lair:4   | Found a runed translucent gate.
 17009 | Lair:4   | Found a runed translucent gate.
 17009 | Lair:4   | Found a runed translucent gate.
 17014 | Lair:4   | Noticed zurenarrh's ghost (journeyman GrEE)
 17155 | Lair:4   | Killed zurenarrh's ghost
 17893 | Lair:5   | Reached skill level 10 in Dodging
 19648 | D:13     | Reached skill level 1 in Evocations
 20112 | D:14     | Shot with a bolt by a yaktaur captain

Illustrated notes

Levels and vault maps discovered:
D:1:      lemuel_arrival_rhombus, layout_rooms, serial_shops, shop,
          shapermc_ecumenical_altar_mp_ritualfount
D:2:      layout_rooms, kennysheep_pointless_box, minmay_small_reverse_x
D:3:      layout_loops_ring
D:4:      layout_loops_ring, gup_ossuary_entry_pyramid, chequers_jeans,
          hangedman_minor_gate_pass
D:5:      layout_rooms, mainiacjoe_overflow_alcove_4, nrook_uturn
D:6:      layout_cave_pods, minmay_temple_entry_sparse_star
D:7:      layout_rooms, nicolae_overflow_hidden_temple, okawaru_gym_becter,
          nicolae_shop_overcharged_wands, uniq_joseph, uniq_crazy_yiuf_cottage
D:8:      layout_loops_cross, fedhas_altar_3, serial_shops,
          nicolae_diamond_shop, st_stairs_7, solitary_fountain,
          nicolae_diode_basic, uniq_psyche, uniq_prince_ribbit1, uniq_maggie
D:9:      layout_loops_corners, mainiacjoe_overflow_catwalk,
          amcnicky_altar_gilded, due_lair_maze_entry_diamond, serial_demonic,
          serial_demonic_d, serial_demonic_a, serial_demonic_g,
          serial_demonic_a, uniq_amaemon, uniq_maurice
D:10:     layout_rooms, serial_shops, nicolae_lakefront_shop, enter_trove_6,
          uniq_erolcha, uniq_sonja
D:11:     layout_stronghold, uniq_grum
D:12:     layout_roguey, orc_0_dummy
D:13:     layout_irregular_city, minmay_misc_feat_enclosed
D:14:     layout_gridville, david_vaults_2, serial_glass, glass_columns_b,
          glass_columns_b, serial_shops, shop
Temple:   nicolae_temple_bog_church
Lair:1:   layout_regular_city, portal_ice_cave_entry_pillars_1,
          serial_bayou_shore_a
Lair:2:   layout_misc_corridors, palyth_hydra_swamp_entry, basic_altar,
          grunt_megastairs_5
Lair:3:   layout_regular_city, guppyfry_snake_entry_garden, uniq_nergalle,
          uniq_kirke
Lair:4:   layout_cave_pods, slime_entry_1, gammafunk_ghost_hydra_chop,
          worms_lemuel, uniq_nessos, uniq_snorg
Lair:5:   due_jungle_book, layout_cave_pods, grunt_megastairs_1
Orc:1:    layout_caves, serial_shops, nicolae_shop_hallway_stairs, uniq_harold
Orc:2:    st_orc_elflike, layout_diamond_mine

Skill      XL: |  1  2  3  4  5  6  7  8  9 10 11 12 13 14 15 |
---------------+----------------------------------------------+-----
Axes           | 3 4 5 6 8 9 11 14 16 17 18 | 18.0
Fighting       | 5 7 8 10 12 13 14 | 14.9
Dodging        | 2 4 5 6 8 9 10 | 10.3
Armour         | 4 6 8 9 11 12 13 | 13.7
Shields        | 4 6 8 9 11 12 14 | 14.1
Evocations     | 2 |  2.3

Action                   |  1- 3 |  4- 6 |  7- 9 | 10-12 | 13-15 || total
-------------------------+-------+-------+-------+-------+-------++-------
Melee: War axe           |    62 |   127 |   208 |    34 |       ||   431
       Broad axe         |       |       |       |   274 |   881 ||  1155
       Long sword        |       |       |       |       |    10 ||    10
 Fire: Sling             |       |       |     2 |       |    31 ||    33
Throw: Dart              |       |       |     3 |       |     5 ||     8
Evoke: Wand              |       |       |       |     3 |     5 ||     8
       Tin of tremorston |       |       |       |       |     1 ||     1
  Use: Scroll            |       |    15 |     5 |     2 |    10 ||    32
       Potion            |       |     1 |       |     1 |     5 ||     7
 Stab: Distracted        |       |       |       |     2 |     8 ||    10
Armor: Scale mail        |    35 |    52 |     6 |       |       ||    93
       Plate armour      |       |       |    85 |   137 |   393 ||   615
Dodge: Dodged            |    44 |    49 |    44 |    95 |   278 ||   510
Block: Buckler           |    16 |    30 |    30 |    71 |   188 ||   335
       Tower shield      |       |       |       |       |   126 ||   126
